 Dungeon Crawl Stone Soup version 0.29-a0-550-g81e455f4c2 (webtiles) character file.

Game seed: 11235478698864077065

475 Lekart the Ruffian (level 6, 0/47 HPs)
             Began as a Draconian Transmuter on June 5, 2022.
             Slain by an ogre
             ... wielding a +0 giant club
              (22 damage)
             ... on level 5 of the Dungeon.
             The game lasted 00:07:09 (5076 turns).

Lekart the Ruffian (Draconian Transmuter)           Turns: 5076, Time: 00:07:09

Health: 0/47       AC:  2    Str: 10    XL:     6   Next: 84%
Magic:  7/11       EV: 20    Int: 16    God:
Gold:   20         SH:  0    Dex: 16    Spells: 8/12 levels left

rFire   . . .      SeeInvis .     - Unarmed
rCold   . . .      Faith    .   (shield currently unavailable)
rNeg    . . .      Spirit   .   (body armour unavailable)
rPois   x          Reflect  .   (helmet currently unavailable)
rElec   .          Harm     .   (cloak currently unavailable)
rCorr   .          Rampage  .   (gloves currently unavailable)
Will    .....                   (boots currently unavailable)
Stlth   +.........              (no amulet)
HPRegen 0.15/turn               (no ring)
MPRegen 0.12/turn               (no ring)

@: spider-form
A: venomous fangs, AC +6, tiny, unfitting armour, (cold-blooded), (electricity
resistance), weak 1
a: End Transformation


You were on level 5 of the Dungeon.
You were a venomous arachnid creature.
You visited 1 branch of the dungeon, and saw 5 of its levels.

You collected 180 gold pieces.
You spent 160 gold pieces at shops.

Inventory:

Armour
 b - a +1 pair of gloves (melded)
Wands
 n - a wand of polymorph (15)
Scrolls
 e - a scroll of poison
 i - a scroll of teleportation {unknown}
Potions
 a - 2 potions of lignification
 c - a potion of curing
 d - a potion of berserk rage
 f - a potion of cancellation
 g - a potion of ambrosia
 h - a potion of heal wounds


   Skills:
 + Level 1.5 Fighting
 + Level 2.8 Dodging
 + Level 5.0 Unarmed Combat
 + Level 3.6 Spellcasting
 + Level 3.3 Transmutations
 + Level 2.6 Poison Magic


You had 8 spell levels left.
You knew the following spells:

 Your Spells              Type           Power      Damage    Failure   Level
a - Beastly Appendage     Tmut           26%        N/A       14%         1
b - Spider Form           Tmut/Pois      12%        N/A       34%         3

Your spell library contained the following spells:

 Spells                   Type           Power      Damage    Failure   Level
 Wereblood                Tmut           13%        N/A       19%         2
 Foxfire                  Conj/Fire      8%         2x1d4     38%         1
 Shock                    Conj/Air       8%         1d3       38%         1
 Ignite Poison            Fire/Tmut/Pois 9%         N/A       45%         3
 Conjure Flame            Conj/Fire      2%         6-21      69%         3
 Inner Flame              Hex/Fire       2%         N/A       69%         3
 Swiftness                Air            2%         N/A       69%         3
 Ice Form                 Ice/Tmut       8%         N/A       83%         4
 Airstrike                Air            1%         N/A       96%         4
 Flame Wave               Conj/Fire      2%         2d4       96%         4
 Sticky Flame             Conj/Fire      2%         2d3       96%         4
 Malign Gateway           Summ/Tloc      1%         N/A       100%        7
 Summon Horrible Things   Summ           1%         N/A       100%        8


Dungeon Overview and Level Annotations

Branches:
Dungeon (5/15)
 Temple: D:4-7

Altars:
Cheibriados
Okawaru

Shops:
D:4 !

Annotations:
D:3 exclusion: downstairs


Innate Abilities, Weirdness & Mutations

You are a venomous arachnid creature.
You have poisonous fangs.
You are tiny and dextrous.
Your spellcasting is less reliable in this form.
Your armour is entirely melded.
You are incapable of wielding weapons or throwing items.
((Your plain brown scales are hard. (AC +6)))
You cannot fit into any form of body armour.
((You are cold-blooded and may be slowed by cold attacks.))
((You are resistant to electric shocks. (rElec)))
You are weak. (Str -2)


Message History

Your horns disappear.
Your talons disappear.
Things that are here:
a +0 flail; a +0 chain mail
There is a stone staircase leading down here.
Done exploring.
Done exploring.
Done exploring.
Done exploring.
(D) Dungeon
Where to? (Enter - D:4, ? - help)
There is a stone staircase leading down here.
You climb downwards.
Found a scroll labelled YSCHUK DESHICO and 12 gold pieces.
There is a stone staircase leading up here.
i - a scroll labelled YSCHUK DESHICO
There is a stone staircase leading up here.
You now have 20 gold pieces (gained 12).
An ogre comes into view. It is wielding a +0 giant club.
The ogre shouts!
Casting: Beastly Appendage (safe; 4% risk of failure)
Confirm with . or Enter, or press ? or * to list all spells.
You grow a pair of large bovine horns.
Your feet morph into talons.
Casting: Beastly Appendage (safe; 4% risk of failure)
Confirm with . or Enter, or press ? or * to list all spells.
Your horns disappear.
Your talons disappear.
You turn into a venomous arachnid creature.
Your +1 pair of gloves melds into your body.
An orc comes into view. It is wielding a +0 hand axe.
The ogre hits you with a +0 giant club!!
Ouch! That really hurt!
An iguana comes into view.
The orc moves out of view.
You are too injured to fight recklessly!
The iguana hisses angrily.
You bite the ogre!
The ogre is poisoned.
The ogre is moderately wounded.
You bite the ogre!
The ogre looks as sick as possible!
The ogre is severely wounded.
The ogre hits you with a +0 giant club!!
You die...

### ..# #.#
##########.#
........##.####
##.########.......####
#....Os...............
.l..#....######<##.###.
# #.##.# #.# # #. #.#
#.# # ... #.# .... #.#
..... ... .....# ...
...


You could see an ogre (extremely poisoned) and an iguana.

Vanquished Creatures
  A black bear (D:4)
  A scorpion (D:4)
  An orc priest (D:4)
  A jelly (D:4)
  A hound (D:4)
  3 orc wizards (D:4)
  A mummy (D:4)
  5 adders
  A worm (D:3)
  2 dart slugs (D:4)
  14 orcs
  5 bats
  4 endoplasms
  5 giant cockroaches
  8 hobgoblins
  7 kobolds
  6 quokkas
  6 ball pythons
  4 frilled lizards
  6 goblins
  6 rats
88 creatures vanquished.

Notes
Turn   | Place    | Note
-------+----------+-------------------------------------------
     0 | D:1      | Lekart the Draconian Transmuter began the quest for the
                  | Orb.
     0 | D:1      | Reached XP level 1. HP: 16/16 MP: 3/3
   128 | D:1      | Reached XP level 2. HP: 20/23 MP: 3/5
  1090 | D:2      | Reached XP level 3. HP: 26/28 MP: 4/6
  1649 | D:2      | Learned a level 3 spell: Spider Form
  1795 | D:3      | Reached XP level 4. HP: 32/35 MP: 6/8
  2450 | D:3      | Found an iron altar of Okawaru.
  2841 | D:3      | Reached skill level 1 in Poison Magic
  2911 | D:4      | Reached skill level 4 in Unarmed Combat
  3108 | D:4      | Reached XP level 5. HP: 32/40 MP: 9/9
  3682 | D:4      | Gained mutation: Your tail ends in a venomous barb. [potion
                  | of mutation]
  3682 | D:4      | Gained mutation: You are occasionally teleported next to
                  | monsters. [potion of mutation]
  3682 | D:4      | Gained mutation: Your system is resistant to poisons.
                  | (rPois) [potion of mutation]
  3775 | D:4      | Reached XP level 6. HP: 20/47 MP: 10/10
  4758 | D:4      | Found Cahusa Avi's Distillery.
  4763 | D:4      | Bought a potion of ambrosia for 80 gold pieces
  4763 | D:4      | Bought a potion of mutation for 80 gold pieces
  4763 | D:4      | Lost mutation: Your tail ends in a venomous barb. [potion
                  | of mutation]
  4763 | D:4      | Lost mutation: Your system is resistant to poisons. (rPois)
                  | [potion of mutation]
  4763 | D:4      | Gained mutation: You are resistant to electric shocks.
                  | (rElec) [potion of mutation]
  4763 | D:4      | Lost mutation: You are occasionally teleported next to
                  | monsters. [potion of mutation]
  4763 | D:4      | Gained mutation: You are weak. (Str -2) [potion of
                  | mutation]
  4891 | D:4      | Found a snail-covered altar of Cheibriados.
  4932 | D:4      | Reached skill level 5 in Unarmed Combat
  5059 | D:5      | Entered Level 5 of the Dungeon
  5076 | D:5      | Slain by an ogre

Illustrated notes

Levels and vault maps discovered:
D:1:      lightli_arrival_flooded_house, layout_basic
D:2:      layout_rooms, interstate_on_off, small_statue_intersection,
          nicolae_concentric_dashed_squares_wild, minmay_misc_feat_rows
D:3:      layout_basic, mainiacjoe_overflow_six_doors_small, grunt_ministairs_7,
          hangedman_decor_slide_cut
D:4:      layout_cave_pools, chei_slow_surprise, serial_shops,
          nicolae_shop_advertising_works [nicolae_subvault_shop_adworks]
D:5:      layout_loops_ring

Skill      XL: |  1  2  3  4  5  6 |
---------------+-------------------+-----
Dodging        | 2 |  2.8
Poison Magic   | 1 2 |  2.6
Unarmed Combat | 4 5 |  5.0
Spellcasting   | 3 |  3.6
Transmutations | 3 |  3.3
Fighting       | |  1.5

Action                   |  1- 3 |  4- 6 || total
-------------------------+-------+-------++-------
Melee: Unarmed           |    94 |   159 ||   253
       Kick              |    17 |    33 ||    50
       Headbutt          |    11 |    18 ||    29
       Tailslap          |     9 |    13 ||    22
       Punch             |     2 |       ||     2
 Cast: Beastly Appendage |    26 |    23 ||    49
       Spider Form       |       |     6 ||     6
  Use: Scroll            |     3 |     4 ||     7
       Potion            |       |     8 ||     8
 Stab: Sleeping          |     1 |       ||     1
Armor: Skin              |    27 |    46 ||    73
Dodge: Dodged            |    55 |   100 ||   155

Table legend: (Time is in decaauts)
 A = Elapsed time spent in this place.
 B = Non-inter-level travel time spent in this place.
 C = Inter-level travel time spent in this place.
 D = Time resting spent in this place.
 E = Time spent auto-exploring this place.
 F = Levels seen in this place.
 G = Mean time per level.
                   A        B        C        D        E       F      G
               +--------+--------+--------+--------+--------+-----+--------+
         Total |   5065 |   4933 |    132 |   1096 |   3094 |   5 | 1013.0 |
       Dungeon |   5065 |   4933 |    132 |   1096 |   3094 |   5 | 1013.0 |
               +--------+--------+--------+--------+--------+-----+--------+

Top non-repeatable levels by time:
     D:3: 1667 daAuts
     D:4: 1600 daAuts
     D:1: 1077 daAuts
     D:2: 703 daAuts
     D:5: 16 daAuts
